Map: Disco Bloodbath LE

Players

tGG

  • Race: Protoss Protoss
  • Spawn Location: 9:00

Ryu - Winner!

  • Race: Zerg Zerg
  • League: Grandmaster
  • Spawn Location: 3:00

Event: NationWars 2019

VOD

Have the link to the VOD?

Description

Time

  • Played on: Oct. 10, 2019, 11:41 a.m.
  • Length: 10:48
Show
View Real Time Build Order
Export as new Build Order

tGG Protoss 

Build Orders: 1 Gate Expand, Oracle Opening 

Get SALT Encoding   

  12  0:01  Probe  
  13  0:14  Probe  
  14  0:18  Pylon  
  14  0:26  Probe (Chrono Boost)  
  15  0:38  Probe (Chrono Boost)  
  15  0:40  Gateway  
  16  0:45  Assimilator  
  16  0:48  Probe (Chrono Boost)  
  17  0:59  Probe  
  18  1:11  Probe  
  19  1:28  Nexus  
  19  1:38  Cybernetics Core  
  19  1:42  Probe  
  20  1:49  Zealot  
  22  1:55  Probe  
  22  2:00  Pylon  
  23  2:11  Assimilator  
  23  2:14  Warp Gate  
  23  2:18  Probe  
  23  2:21  Shield Battery  
  21  2:22  Adept (Chrono Boost)  
  26  2:32  Probe  
  27  2:38  Stargate  
  27  2:48  Stalker (Chrono Boost)  
  29  2:51  Probe  
  30  3:01  Probe  
  30  3:03  Probe  
  32  3:11  Stalker (Chrono Boost)  
  34  3:13  Probe  
  34  3:15  Probe  
  36  3:25  Probe  
  37  3:28  Probe  
  38  3:37  Probe  
  38  3:39  Oracle (Chrono Boost)  
  38  3:40  Stalker  
  39  3:44  Probe  
  43  3:49  Assimilator  
  43  3:50  Pylon  
  43  3:53  Assimilator  
  43  3:57  Pylon  
  43  3:58  Probe x2  
  45  4:07  Phoenix (Chrono Boost)  
  47  4:12  Probe (Chrono Boost)  
  48  4:18  Probe (Chrono Boost)  
  49  4:24  Stargate  
  49  4:30  Probe x2 (Chrono Boost)  
  51  4:41  Phoenix  
  51  4:43  Probe x2  
  55  4:55  Stargate, Probe x2  
  57  5:07  Probe  
  57  5:08  Probe  
  59  5:16  Oracle  
  62  5:22  Pylon  
  62  5:23  Pylon  
  62  5:34  Nexus  
  62  5:35  Pylon  
  62  5:40  Oracle, Probe x2  
  67  5:53  Probe x2  
  67  5:55  Oracle (Chrono Boost)  
  67  5:56  Oracle (Chrono Boost)  
  75  6:05  Probe  
  76  6:12  Probe  
  76  6:16  Oracle (Chrono Boost)  
  76  6:17  Probe  
  76  6:18  Shield Battery  
  81  6:19  Gateway  
  81  6:20  Gateway  
  81  6:22  Pylon  
  81  6:23  Shield Battery  
  81  6:24  Probe  
  82  6:29  Oracle (Chrono Boost), Probe  
  86  6:39  Oracle (Chrono Boost)  
  86  6:44  Stalker  
  91  6:50  Oracle (Chrono Boost)  
  94  6:57  Oracle (Chrono Boost)  
  97  7:07  Probe x3  
  100  7:09  Assimilator  
  100  7:10  Adept  
  100  7:11  Assimilator  
  100  7:15  Pylon x2  
  102  7:19  Pylon  
  102  7:20  Pylon  
  102  7:26  Pylon, Probe x2  
  107  7:30  Oracle (Chrono Boost)  
  107  7:34  Oracle (Chrono Boost)  
  113  7:38  Probe x2  
  113  7:42  Oracle (Chrono Boost)  
  115  7:45  Probe  
  115  7:46  Pylon  
  115  7:50  Probe x2  
  124  8:20  Stalker x2  
  128  8:27  Stalker  
  128  8:30  Phoenix x2  
  128  8:31  Phoenix  
  127  8:34  Nexus  
  127  8:55  Nexus  
  126  8:58  Pylon  
  126  9:00  Phoenix (Chrono Boost)  
  126  9:02  Phoenix (Chrono Boost)  
  125  9:07  Phoenix (Chrono Boost)  
  122  9:12  Stalker x3  
  125  9:19  Phoenix  
  123  9:38  Stalker  
  123  9:39  Stalker  
  122  9:45  Stalker  
  122  9:58  Phoenix (Chrono Boost)  
  122  9:59  Phoenix (Chrono Boost)  
  115  10:01  Probe  
  115  10:02  Probe  
  108  10:10  Stalker x2  
  108  10:11  Stalker  
  101  10:15  Probe x2  
  101  10:17  Probe  
  101  10:19  Phoenix (Chrono Boost)  
  101  10:20  Phoenix (Chrono Boost)  
  94  10:27  Probe  
  97  10:34  Adept x3  
Show
View Real Time Build Order
Export as new Build Order

Ryu Zerg - Winner!

Build Orders: Pool First 

Get SALT Encoding   

  12  0:00  Drone  
  13  0:12  Overlord  
  13  0:18  Drone  
  14  0:31  Drone x2  
  16  0:41  Spawning Pool  
  15  0:44  Drone  
  15  0:48  Extractor  
  15  0:50  Drone  
  15  0:57  Drone  
  17  1:08  Drone  
  18  1:30  Drone  
  18  1:31  Hatchery  
  18  1:33  Queen  
  18  1:38  Zergling x2  
  21  1:45  Overlord  
  21  1:52  Metabolic Boost  
  21  2:04  Drone  
  21  2:08  Drone  
  23  2:10  Queen  
  25  2:17  Drone  
  26  2:32  Hatchery  
  25  2:40  Drone  
  25  2:43  Zergling x2  
  27  2:44  Pneumatized Carapace  
  27  2:49  Drone x2  
  29  2:52  Drone  
  29  2:57  Overlord  
  30  3:00  Drone  
  30  3:03  Zergling x2  
  32  3:07  Drone x2  
  34  3:21  Drone x2  
  34  3:22  Drone x2  
  38  3:32  Queen  
  39  3:36  Drone x2  
  39  3:40  Queen, Overlord  
  43  3:44  Overlord  
  43  3:49  Drone x2  
  43  3:54  Drone x3  
  48  3:58  Overlord  
  48  4:01  Zergling x2  
  49  4:08  Spore Crawler  
  48  4:11  Spore Crawler  
  48  4:12  Drone x4  
  51  4:17  Zergling x2  
  51  4:20  Drone x4  
  56  4:25  Drone x2  
  56  4:28  Spore Crawler  
  57  4:31  Lair  
  57  4:35  Drone  
  57  4:36  Drone x2  
  60  4:40  Drone x2  
  62  4:46  Drone x2  
  62  4:50  Overlord  
  62  4:52  Overlord  
  64  4:54  Extractor  
  64  4:55  Roach Warren  
  64  4:56  Extractor  
  61  5:01  Overlord  
  60  5:07  Extractor x2  
  60  5:08  Queen  
  60  5:10  Drone, Overlord x2  
  61  5:23  Drone x3  
  61  5:24  Drone, Overlord x2  
  65  5:33  Spire  
  64  5:37  Drone x4  
  67  5:43  Drone x9  
  76  5:50  Spore Crawler  
  75  5:59  Glial Reconstitution  
  75  6:02  Drone  
  76  6:04  Hatchery  
  76  6:05  Overseer  
  76  6:07  Drone x2  
  76  6:08  Drone, Extractor  
  76  6:09  Drone x2  
  79  6:12  Drone  
  79  6:13  Baneling Nest  
  79  6:16  Spore Crawler, Drone x2  
  80  6:23  Overlord  
  80  6:24  Overlord x2  
  80  6:25  Roach x2  
  84  6:39  Spore Crawler  
  82  6:46  Corruptor  
  82  6:47  Corruptor x5  
  82  6:49  Ravager  
  82  6:53  Overlord  
  95  6:56  Zergling x2, Corruptor  
  98  7:04  Corruptor x2  
  98  7:08  Centrifical Hooks  
  102  7:12  Drone x2  
  102  7:13  Evolution Chamber  
  102  7:14  Evolution Chamber  
  101  7:17  Roach x2  
  101  7:20  Drone x3  
  101  7:21  Drone x2  
  110  7:25  Zergling x6  
  113  7:30  Roach x3  
  113  7:36  Overseer  
  119  7:39  Overlord x3  
  119  7:43  Zerg Melee Weapons Level 1, Zerg Missile Weapons Level 1  
  119  7:54  Overlord x2  
  119  7:55  Extractor  
  118  7:58  Drone x2  
  118  7:59  Drone  
  118  8:00  Drone x2, Extractor  
  118  8:01  Drone x3  
  125  8:09  Roach x5  
  125  8:11  Nydus Network  
  134  8:14  Roach  
  134  8:15  Roach x4  
  144  8:20  Overlord x2  
  137  8:30  Spore Crawler  
  137  8:32  Corruptor  
  132  8:35  Roach x2  
  132  8:37  Spore Crawler  
  133  8:42  Corruptor x2  
  133  8:46  Roach x7  
  140  8:49  Roach  
  140  8:50  Roach  
  140  8:52  Nydus Canal  
  128  8:57  Drone x6  
  134  9:05  Drone x3, Queen  
  139  9:10  Queen  
  139  9:14  Zergling x8  
  145  9:20  Zergling x12  
  145  9:23  Nydus Canal  
  148  9:31  Overlord x5  
  146  9:48  Overlord x3  
  146  9:50  Roach  
  146  9:51  Roach x4  
  146  10:02  Zergling x20  
  146  10:06  Roach x2  
  156  10:07  Roach  
  154  10:17  Zergling x12  
  146  10:24  Roach  
  146  10:25  Roach x3  
Tags
 
Add a new tag
Caveats
  • Supply blocks, unpowered buildings, or Contaminate may cause inaccurate times.
  • Supply counts are checked every 10 seconds.